 Dungeon Crawl Stone Soup version 0.30-a0-918-g0ff054e9dc (webtiles) character file.

Game seed: 5724338983324134895

47 gelatine the Digger (level 3, -3/27 HPs)
             Began as a Ghoul Earth Elementalist on Mar 20, 2023.
             Slain by Grinder (9 damage)
             ... on level 3 of the Dungeon.
             The game lasted 00:04:08 (1423 turns).

gelatine the Digger (Ghoul Earth Elementalist)      Turns: 1423, Time: 00:04:08

Health: -3/27      AC:  2    Str: 11    XL:     3   Next: 70%
Magic:  1/5        EV: 12    Int: 12    God:
Gold:   78         SH:  0    Dex: 15    Spells: 5/6 levels left

rFire   . . .      SeeInvis .    f - +2 dagger (speed)
rCold   + . .      Faith    .    (no shield)
rNeg    + + +      Spirit   .    a - +0 robe
rPois   ∞          Reflect  .    (no helmet)
rElec   .          Rampage  .    (no cloak)
rCorr   .                        (no gloves)
Will    .....                    (no boots)
Stlth   ++                       (no amulet)
HPRegen 0.00/turn                g - +6 ring of dexterity
MPRegen 0.09/turn                (no ring)

@: inhibited regen
A: claws 1, cold resistance 1, negative energy resistance 3, inhibited
regeneration, torment resistance 2, devour on kill
a: no special abilities


You were on level 3 of the Dungeon.
You visited 1 branch of the dungeon, and saw 3 of its levels.

You collected 78 gold pieces.

Inventory:

Hand Weapons
 f - a +2 dagger of speed (weapon)
Missiles
 l - 2 curare-tipped darts
Armour
 a - a +0 robe (worn)
Jewellery
 g - a +6 ring of dexterity (left claw)
Wands
 t - a wand of iceblast (6)
Scrolls
 c - 2 scrolls of teleportation {unknown}
 d - a scroll of fear {unknown}
 h - a scroll of vulnerability {unknown}
 p - a scroll of magic mapping {unknown}
 r - a scroll of torment {unknown}
 s - a scroll of blinking {unknown}
Potions
 b - a potion of magic
 e - a potion of invisibility {unknown}
 i - a potion of berserk rage {unknown}
 j - a potion of cancellation {unknown}
 k - 3 potions of flight {unknown}
 m - a potion of brilliance {unknown}
 n - 2 potions of might
 o - 2 potions of lignification {unknown}
 q - a potion of attraction {unknown}


   Skills:
 * Level 0.3 Fighting
 + Level 0.1 Short Blades
 * Level 0.4 Armour
 * Level 2.1 Dodging
 - Level 2.3 Stealth
 * Level 0.1 Unarmed Combat
 + Level 2.3 Spellcasting
 + Level 0.8 Transmutations
 + Level 3.9 Earth Magic


You had 5 spell levels left.
You knew the following spells:

 Your Spells              Type           Power      Damage    Failure   Level
a - Sandblast             Erth           20%        2d7       5%          1

Your spell library contained the following spells:

 Spells                   Type           Power      Damage    Failure   Level
 Passwall                 Tmut/Erth      5%         N/A       16%         2
 Summon Small Mammal      Summ           4%         N/A       26%         1
 Stone Arrow              Conj/Erth      12%        3d7       34%         3
 Call Canine Familiar     Summ           1%         N/A       61%         3
 Summon Guardian Golem    Hex/Summ       1%         N/A       61%         3
 Petrify                  Tmut/Erth      7%         N/A       69%         4


Dungeon Overview and Level Annotations

Branches:
Dungeon (3/15)

Altars:

Annotations:
D:3 Grinder


Innate Abilities, Weirdness & Mutations

You are immune to poison.
You have sharp fingernails.
Your flesh is cold resistant. (rC+)
You are immune to negative energy. (rN+++)
You do not regenerate when monsters are visible.
You are immune to unholy pain and torment.
You thrive by killing the living.


Message History

The blast of sand hits the hobgoblin.
You kill the hobgoblin!
Done exploring.
Done exploring.
There is a stone staircase leading down here.
You climb downwards.
Found a short sword.
Found a stone staircase leading up and a stone staircase leading down.
There is a stone staircase leading up here.
The helpless goblin fails to defend itself.
You puncture the goblin!
You kill the goblin!
There is a stone staircase leading down, spattered with blood here.
Things that are here:
a +0 dagger; a +0 sling; a goblin corpse You see here a +0 short sword.
An orc comes into view. It is wielding a +0 trident.
You can't see any susceptible monsters within range! (Use Z to cast anyway.)
The orc shouts!
The blast of sand hits the orc!
You kill the orc!
Grinder comes into view.
Grinder shouts!
Things that are here:
a +0 trident; an orc corpse The blast of sand hits Grinder.
Grinder is lightly wounded.
Grinder hits you!
The blast of sand hits Grinder.
Grinder is lightly wounded.
Grinder hits you. Grinder hits you but does no damage.
The blast of sand hits Grinder.
Grinder is moderately wounded.
Grinder hits you!
* * * LOW HITPOINT WARNING * * *
You are too injured to fight recklessly!
You hit Grinder.
Grinder is moderately wounded.
Grinder hits you!
You die...

#### ..# ...###### #.#
........###.##########
...####>......@.......
..<....<)......5.#####
...####..##.####.#
.....##.# ...
..###.###.# ### #.#
#.# #.# #.# ..# #.#
...


You could see Grinder.

Vanquished Creatures
  2 adders (D:2)
  A worm (D:2)
  An orc (D:3)
  A bat (D:1)
  2 endoplasms
  A giant cockroach (D:2)
  3 goblins
  4 hobgoblins
  2 quokkas (D:2)
  2 ball pythons (D:2)
  2 frilled lizards (D:1)
  4 rats
25 creatures vanquished.

Notes
Turn   | Place    | Note
-------+----------+-------------------------------------------
     0 | D:1      | gelatine the Ghoul Earth Elementalist began the quest for
                  | the Orb.
     0 | D:1      | Reached XP level 1. HP: 14/14 MP: 2/2
   215 | D:1      | Reached XP level 2. HP: 20/20 MP: 3/3
   636 | D:2      | Reached XP level 3. HP: 26/26 MP: 1/5
  1417 | D:3      | Noticed Grinder
  1423 | D:3      | Slain by Grinder

Illustrated notes

Levels and vault maps discovered:
D:1:      dpeg_arrival_erosion, layout_rooms
D:2:      layout_basic
D:3:      layout_loops_ring, mainiacjoe_overflow_alcove_1, uniq_grinder,
          uniq_crazy_yiuf_cottage, uniq_jessica

Skill      XL: |  1  2  3 |
---------------+----------+-----
Spellcasting   | 2 |  2.3
Dodging        | 2 |  2.1
Fighting       | |  0.3
Short Blades   | |  0.1
Armour         | |  0.4
Stealth        | |  2.3
Unarmed Combat | |  0.1
Transmutations | |  0.8
Earth Magic    | |  3.9

Action                     || total
---------------------------++-------
  Melee: Dagger            ||    54
         Punch             ||     2
   Cast: Sandblast         ||    22
    Use: Potion            ||     1
   Stab: Sleeping          ||     1
 Armour: Robe              ||    11
  Dodge: Dodged            ||    20

Table legend: (Time is in decaauts)
 A = Elapsed time spent in this place.
 B = Non-inter-level travel time spent in this place.
 C = Inter-level travel time spent in this place.
 D = Time resting spent in this place.
 E = Time spent auto-exploring this place.
 F = Levels seen in this place.
 G = Mean time per level.
                   A        B        C        D        E       F      G
               +--------+--------+--------+--------+--------+-----+--------+
         Total |   1414 |   1370 |     44 |      0 |   1137 |   3 |  471.3 |
       Dungeon |   1414 |   1370 |     44 |      0 |   1137 |   3 |  471.3 |
               +--------+--------+--------+--------+--------+-----+--------+

Top non-repeatable levels by time:
     D:2: 946 daAuts
     D:1: 452 daAuts
     D:3: 15 daAuts
